 Dungeon Crawl Stone Soup version 0.26.1-10-gdfb7c7de75 (webtiles) character file.

Game seed: 10168529226373007845

188 GenialerGandalf the Chopper (level 5, 0/46 HPs)
             Began as a Hill Orc Fighter on Apr 4, 2021.
             Slain by a rat (2 damage)
             ... on level 3 of the Dungeon.
             The game lasted 00:08:39 (2592 turns).

GenialerGandalf the Chopper (Hill Orc Fighter)      Turns: 2592, Time: 00:08:40

Health: 0/46       AC:  7    Str: 20    XL:     5   Next: 67%
Magic:  5/5        EV:  7    Int:  8    God:
Gold:   118        SH:  9    Dex: 10    Spells: 4/4 levels left

rFire    . . .     SeeInvis .   a - +0 war axe
rCold    . . .     Faith    +   c - +0 kite shield
rNeg     . . .     Spirit   .   b - +0 scale mail
rPois    .         Reflect  .   (no helmet)
rElec    .         Harm     .   (no cloak)
rCorr    .         Rampage  .   (no gloves)
Will     .....                  (no boots)
Stlth    ..........             e - amulet of faith
HPRegen  0.15/turn              (no ring)
MPRegen  0.09/turn              (no ring)

@: lethally poisoned (0 -> 0)
A: no striking features
a: no special abilities


You were on level 3 of the Dungeon.
You visited 1 branch of the dungeon, and saw 4 of its levels.

You collected 118 gold pieces.

Inventory:

Hand Weapons
 a - a +0 war axe (weapon)
Missiles
 f - 58 stones (quivered)
 j - 18 poisoned darts
Armour
 b - a +0 scale mail (worn)
 c - a +0 kite shield (worn)
Jewellery
 e - an amulet of faith (around neck)
 h - an uncursed ring of flight {unknown}
Scrolls
 g - a scroll of remove curse {unknown}
 l - a scroll of amnesia {unknown}
 m - a scroll of random uselessness {unknown}
 p - a scroll of identify {unknown}
 q - a scroll of enchant weapon {unknown}
Potions
 d - 2 potions of might
 i - a potion of heal wounds {unknown}
 k - a potion of mutation {unknown}
 n - a potion of curing {unknown}
 o - a potion of lignification {unknown}
 r - a potion of degeneration {unknown}


   Skills:
 + Level 4.2 Fighting
 + Level 4.7 Axes
 + Level 4.2 Armour
 + Level 0.7 Dodging
 + Level 4.6 Shields


You had 4 spell levels left.
You didn't know any spells.
Your spell library was empty.

Dungeon Overview and Level Annotations

Branches:
Dungeon (4/15)
 Temple: D:4-7

Altars:

Portals:
Sewer: D:3


Message History

You hit the worm but do no damage.
The worm is heavily wounded.
You hit the rat. You closely miss the river rat. The river rat bites you!
* * * LOW HITPOINT WARNING * * *
The rat bites you but does no damage. You block the river rat's attack.
You slash the worm!
The worm is almost dead.
You barely miss the rat. You closely miss the river rat.
You feel sick. The rat bites you.
* * * LOW HITPOINT WARNING * * *
You block the worm's attack. The river rat bites you.
* * * LOW HITPOINT WARNING * * *
You hit the worm.
You kill the worm!
You barely miss the rat. You barely miss the river rat.
The rat bites you but does no damage. You block the river rat's attack.
The river rat bites you.
* * * LOW HITPOINT WARNING * * *
The rat bites you.
You die...

###### ≈≈≈≈∩#
##.≈≈≈≈# #...≈≈≈#
#...≈≈≈#
##############....≈≈#
#............r@#
#.##........†r.#
#.##...........#
#.##...........#
#.##.†.........#
#.##..........(#
###.#).......#####
..#.#.############
..#.#.# #..


You could see a river rat and a rat.

Vanquished Creatures
  An orc wizard (D:3)
  7 adders
  A river rat (D:3)
  3 oozes
  A worm (D:3)
  A leopard gecko (D:2)
  7 bats
  5 giant cockroaches
  9 goblins
  10 hobgoblins
  5 jackals
  10 kobolds
  2 ball pythons (D:1)
  5 frilled lizards
  7 rats
74 creatures vanquished.

Notes
Turn   | Place    | Note
-------+----------+-------------------------------------------
     0 | D:1      | GenialerGandalf the Hill Orc Fighter began the quest for
                  | the Orb.
     0 | D:1      | Reached XP level 1. HP: 19/19 MP: 1/1
    84 | D:1      | Reached XP level 2. HP: 16/27 MP: 2/2
   726 | D:1      | Reached XP level 3. HP: 32/33 MP: 3/3
  1514 | D:2      | Reached XP level 4. HP: 39/40 MP: 4/4
  2384 | D:2      | Reached XP level 5. HP: 46/46 MP: 5/5
  2496 | D:4      | Noticed an ogre
  2575 | D:3      | Found a glowing drain.
  2592 | D:3      | HP: 2/46 [river rat (3)]
  2592 | D:3      | Slain by a rat

Illustrated notes

Levels and vault maps discovered:
D:1:      shiori_arrival_oz, layout_basic, minmay_strange_pillars,
          minmay_cut_off
D:2:      layout_basic, minmay_misc_feat_encased
D:3:      layout_basic, portal_sewer_entry_b
D:4:      layout_rooms, tgw_xom, grunt_ministairs_4, amcnicky_altar_gilded

Skill      XL: |  1  2  3  4  5 |
---------------+----------------+-----
Axes           | 3 4 |  4.7
Fighting       | 4 |  4.2
Shields        | 4 |  4.6
Armour         | 4 |  4.2
Dodging        | |  0.7

Action                   |  1- 3 |  4- 6 || total
-------------------------+-------+-------++-------
Melee: War axe           |    99 |   113 ||   212
Armor: Scale mail        |   114 |    71 ||   185
Dodge: Dodged            |    69 |    52 ||   121
Block: Kite shield       |   118 |   103 ||   221
